 Dungeon Crawl Stone Soup version 0.23-a0-703-gdf2d5e0dd9 (webtiles) character file.

49 AnimeWaifu the Firebug (level 3, -10/26 HPs)
             Began as a Draconian Fire Elementalist on Jan 13, 2019.
             Killed by divine providence
             ... invoked by an orc priest
              (13 damage)
             ... on level 2 of the Dungeon.
             The game lasted 00:05:00 (2017 turns).

AnimeWaifu the Firebug (DrFE)                       Turns: 2017, Time: 00:05:01

Health: -10/26     AC:  6    Str: 10    XL:     3   Next: 51%
Magic:  0/6        EV: 12    Int: 16    God:
Gold:   98         SH:  0    Dex: 11    Spells: 2/6 levels left

rFire    . . .     SeeInvis .   i - +0 spear
rCold    . . .     Gourm    .   (no shield)
rNeg     . . .     Faith    .   (armour unavailable)
rPois    +         Spirit   .   (helmet restricted)
rElec    .         Reflect  .   (no cloak)
rCorr    .         Harm     .   g - +0 pair of gloves
MR       .....                  (no boots)
Stlth    ++........             (no amulet)
HPRegen  0.08/turn              j - ring of poison resistance
MPRegen  0.10/turn              (no ring)

@: no status effects
A: unfitting armour, cold-blooded, AC +5
a: no special abilities


You were on level 2 of the Dungeon.
You were hungry.

You visited 1 branch of the dungeon, and saw 2 of its levels.

You collected 98 gold pieces.

Inventory:

Hand Weapons
 i - a +0 spear (weapon)
Armour
 g - a +0 pair of gloves (worn)
Jewellery
 j - a ring of poison resistance (left hand)
Scrolls
 d - 3 scrolls of remove curse
 k - a scroll of identify
Potions
 a - a potion of flight
 e - a potion of cancellation
 h - a potion of lignification {unknown}
Comestibles
 b - 3 rations
 c - 2 chunks of flesh


   Skills:
 + Level 2.1 Dodging
 - Level 1.7 Stealth
 + Level 2.3 Spellcasting
 * Level 2.1 Conjurations
 * Level 3.6 Fire Magic


You had 2 spell levels left.
You knew the following spells:

 Your Spells              Type           Power        Failure   Level  Hunger
a - Flame Tongue          Conj/Fire      ##...        6%          1    #......
b - Conjure Flame         Conj/Fire      ##......     19%         3    ###....

Your spell library contained the following spells:

 Spells                   Type           Power        Failure   Level  Hunger
 Throw Flame              Conj/Fire      ##....       10%         2    ###....
 Inner Flame              Hex/Fire       #.......     28%         3    ###....
 Sticky Flame             Conj/Fire      ##......     52%         4    #####..
 Fireball                 Conj/Fire      ##........   86%         5    ######.


Dungeon Overview and Level Annotations

Branches:
Dungeon (2/15)

Altars:
Qazlal


Innate Abilities, Weirdness & Mutations

Your plain brown scales are hard. (AC +5)
You cannot fit into any form of body armour.
You are cold-blooded and may be slowed by cold attacks.


Message History

The orc priest draws strength from your wounds!
The orc priest calls upon Beogh to heal the orc priest.
The orc priest is healed somewhat.
The orc hits you but does no damage.
Casting: Flame Tongue (safe; 6% risk of failure)
Confirm with . or Enter, or press ? or * to list all spells.
Aiming: Flame Tongue (safe; 6% risk of failure)
Press: ? - help, Shift-Dir - straight line, f/p - orc priest
Aim: an orc priest, wielding a +2 vampiric dagger and wearing a +0 ring mail (moderately wounded)
The flame tongue hits the orc priest.
The orc priest is moderately wounded.
You are feeling hungry.
The orc priest misses you. The orc hits you.
The orc priest mumbles some strange prayers to Beogh against you.
Pain shoots through your body!
* * * LOW HITPOINT WARNING * * *
Your magical contamination has completely faded away.
The orc priest calls down the wrath of Beogh upon you.
Beogh smites you!
Ouch! That really hurt!
You die...

######### ##### #....<...
#...#
#############.#######
#.#.# ##......@..ooo..#
#.#.####.#.#..########.#
#.#........#..# #.#
#.######.###..## #.# #.#
##...#..# #.# #.#
######.# #o. #.# #.# ...
##.############.######..o
.......................


You could see 2 orc priests and an orc.

Vanquished Creatures
  An adder zombie (D:1)
  An adder skeleton (D:2)
  2 leopard geckos (D:2)
  A bat zombie (D:1)
  A giant cockroach (D:2)
  4 goblins
  6 hobgoblins
  5 jackals (D:1)
  4 kobolds
  7 bats
  2 frilled lizards (D:2)
  3 rats
37 creatures vanquished.

Notes
Turn   | Place    | Note
-------+----------+-------------------------------------------
     0 | D:1      | AnimeWaifu the Draconian Fire Elementalist began the quest
                  | for the Orb.
     0 | D:1      | Reached XP level 1. HP: 14/14 MP: 3/3
   582 | D:1      | Reached XP level 2. HP: 20/20 MP: 3/5
  1482 | D:2      | Reached XP level 3. HP: 24/26 MP: 2/6
  1509 | D:2      | Learned a level 3 spell: Conjure Flame
  1795 | D:2      | Found a stormy altar of Qazlal.
  2017 | D:2      | Killed from afar by an orc priest

Vault maps used:
D:1:      saegor_arrival_fortress
D:2:      lemuel_doored_altar

Skill      XL: |  1  2  3 |
---------------+----------+-----
Dodging        | 2 |  2.1
Conjurations   | 2 |  2.1
Stealth        | |  1.7
Spellcasting   | |  2.3
Fire Magic     | |  3.6

Action                   || total
-------------------------++-------
Melee: Unarmed           ||     7
       Spear             ||    14
       Tailslap          ||     1
 Cast: Flame Tongue      ||    74
  Use: Scroll            ||     6
       Potion            ||     1
  Eat: Chunk             ||     4
Armor: Skin              ||    53
Dodge: Dodged            ||    93

Table legend:
 A = Non-vault XP
 B = Vault XP
 C = Vault XP percentage of total XP
 D = Non-vault monster count
 E = Vault monster count
 F = Vault count percentage of total count
                 A         B        C        D         E       F
            +---------+---------+-------+---------+---------+-------
      Total |      62 |       8 |  11.4 |      35 |       2 |   5.4
            +---------+---------+-------+---------+---------+-------
        D:1 |      27 |       8 |  22.9 |      17 |       2 |  10.5
        D:2 |      35 |       0 |   0.0 |      18 |       0 |   0.0
            +---------+---------+-------+---------+---------+-------
